AoeStats
← checkebara

Black Forest

504251583Analyzed
2v2 RM · 28d ago on Sep 4, 2026· 27m 56s· 4 players
Game mode
Random Map
Map size
Medium (4 player)
Population
200
Speed
Normal
Resources
Standard
Victory
Conquest
Starting age
Dark Age
Ending age
Imperial Age
RankedLock teamsTeams togetherTeam positionsShared explorationLock speedFull tech treeHidden civsTurbo modeCheats
Victory
Defeat
🇩🇪 Bohemians · Germany
832
+16
🇩🇪 Britons · Germany
827
+16
🇯🇵 Burgundians · Japan
850
-43
🇫🇷 Spanish · France
824
-35
Just4Fun
0:56 Loom
13:14 Feudal Age
14:15 Double-Bit Axe
14:21 Gold Mining
14:22 Stone Mining
15:39 Horse Collar
20:01 Castle Age
21:08 Padded Archer Armor
20:59 Fletching
21:40 Bow Saw
dribblertimi
0:46 Loom
14:19 Feudal Age
14:58 Horse Collar
15:07 Double-Bit Axe
16:22 Wheelbarrow
19:48 Fletching
19:59 Padded Archer Armor
20:10 Forging
24:34 Castle Age
24:38 Crossbowman
25:18 Bodkin Arrow
25:59 Iron Casting
26:09 Bow Saw
28:22 Ballistics
checkebara
1:00 Loom
7:02 Wheelbarrow
8:18 Double-Bit Axe
12:25 Feudal Age
11:34 Gold Mining
11:42 Stone Mining
11:53 Horse Collar
14:07 Bow Saw
14:19 Heavy Plow
18:25 Fletching
18:25 Town Watch
19:44 Gold Shaft Mining
21:14 Stone Shaft Mining
22:01 Hand Cart
25:58 Castle Age
25:43 Forging
25:34 Scale Mail Armor
25:41 Scale Barding Armor
25:36 Padded Archer Armor
25:26 Arson
steam.scared604
15:08 Feudal Age
Connection lost

Rejoining the realm…

Still unreachable

The connection could not be restored.

Session expired

The server has moved on; the page needs a fresh start.